 Dungeon Crawl Stone Soup version 0.27-a0-262-gc50aac273e (webtiles) character file.

Game seed: 4184168992982779601

1102 EnegeticOcto the Poker (level 8, -2/62 HPs)
             Began as a Mummy Chaos Knight on Feb 4, 2021.
             Was a Plaything of Xom.
             Slain by Pikel
             ... wielding a +1 whip of electrocution
              (7 damage)
             ... on level 4 of the Dungeon.
             The game lasted 00:12:31 (6963 turns).

EnegeticOcto the Poker (Mummy Chaos Knight)         Turns: 6963, Time: 00:12:32

Health: -2/62      AC: 13    Str: 17    XL:     8   Next: 10%
Magic:  8/8        EV:  7    Int: 12    God:    Xom [....*.]
Gold:   158        SH:  0    Dex: 11    Spells: 7/7 levels left

rFire    x . .     SeeInvis +   a - +0 spear (chaos)
rCold    + . .     Faith    .   (no shield)
rNeg     + + +     Spirit   .   e - +0 chain mail
rPois    ∞         Reflect  .   f - +2 hat {SInv}
rElec    .         Harm     .   l - +1 cloak
rCorr    .         Rampage  .   p - +0 pair of gloves
Will     +....                  (no boots)
Stlth    ..........             (no amulet)
HPRegen  0.20/turn              (no ring)
MPRegen  0.11/turn              (no ring)

@: mighty, cleaving
A: no potions, fire vulnerability, cold resistance 1, negative energy resistance
3, torment resistance, unbreathing
a: Renounce Religion


You were on level 4 of the Dungeon.
You worshipped Xom.
You were a beloved toy of Xom.
You visited 1 branch of the dungeon, and saw 6 of its levels.

You collected 158 gold pieces.

Inventory:

Hand Weapons
 a - a +0 spear of chaos (weapon)
 d - a +0 vorpal war axe
   (You found it on level 6 of the Dungeon)
 o - a +0 trident
   (You found it on level 3 of the Dungeon)
Missiles
 h - 54 bolts
 j - 41 arrows
 m - 8 boomerangs (quivered)
 n - 2 atropa-tipped darts
Armour
 b - a +2 leather armour
 e - a +0 chain mail (worn)
   (You took it off an orc warrior on level 3 of the Dungeon)
 f - a +2 hat of see invisible (worn)
   (You found it on level 1 of the Dungeon)
 l - a +1 cloak (worn)
   (You found it on level 2 of the Dungeon)
 p - a +0 pair of gloves (worn)
   (You found it on level 3 of the Dungeon)
Wands
 c - a wand of flame (5) {@v4}
   (You found it on level 4 of the Dungeon)
 r - a wand of charming (8)
   (Xom gifted it to you on level 4 of the Dungeon)
Scrolls
 g - a scroll of fog {!r}
 i - 2 scrolls of amnesia
 k - a scroll of enchant weapon
 q - 2 scrolls of remove curse {@r2}
 s - 2 scrolls of teleportation {@r3 !r}
 t - a scroll of blinking {unknown}


   Skills:
 - Level 5.0 Fighting
 - Level 7.6 Polearms
 + Level 1.5 Armour
 - Level 0.7 Dodging


You had 7 spell levels left.
You didn't know any spells.
Your spell library was empty.

Dungeon Overview and Level Annotations

Branches:
Dungeon (6/15)
 Temple: D:4-7

Altars:
Elyvilon

Annotations:
D:4 Pikel
D:5 1 runed translucent door, Crazy Yiuf


Innate Abilities, Weirdness & Mutations

You do not drink.
Your flesh is vulnerable to fire.
You are immune to poison.
Your flesh is cold resistant. (rC+)
You are immune to negative energy. (rN+++)
You are immune to unholy pain and torment.
You can survive without breathing.


Message History

Pikel shouts!
The boomerang hits Pikel.
Pikel is lightly wounded.
Xom grants you a minor favour.
Your +0 spear of chaos looks sharp.
Throw: 8 boomerangs
Press: ? - help, Q - select action, (/) - cycle Shift-Dir - straight line, f/p - Pikel
Aim: Pikel, wielding a +1 whip of electrocution and wearing a +0 robe (lightly wounded, 50% to hit)
You throw a boomerang. The boomerang barely misses Pikel.
Throw: 8 boomerangs
Press: ? - help, Q - select action, (/) - cycle Shift-Dir - straight line, f/p - Pikel
Aim: Pikel, wielding a +1 whip of electrocution and wearing a +0 robe (lightly wounded, 45% to hit)
You throw a boomerang. The boomerang hits Pikel.
Pikel is lightly wounded.
You reach to attack!
You barely miss Pikel.
Pikel is lightly wounded.
You reach to attack!
You hit Pikel.
Pikel seems to speed up.
Xom is highly amused!
Pikel is moderately wounded.
You hit Pikel but do no damage.
Pikel is poisoned.
Pikel is moderately wounded. "Serve the toy, my child!"
Pikel hits you with a +1 whip of electrocution.
You hit Pikel. You burn Pikel.
Pikel is moderately wounded.
Pikel hits you but does no damage.
You hit Pikel. You burn Pikel.
Pikel is heavily wounded.
Pikel closely misses you. Pikel hits you but does no damage.
You closely miss Pikel.
Pikel is heavily wounded.
Pikel hits you but does no damage.
You are electrocuted!
Your crimson imp hits Pikel but does no damage.
You hit Pikel.
Pikel is severely wounded.
Pikel hits you with a +1 whip of electrocution.
You barely miss Pikel.
Pikel is severely wounded.
Your crimson imp closely misses Pikel.
Pikel hits you with a +1 whip of electrocution.
You hit Pikel.
Nothing appears to happen.
Pikel is almost dead.
Pikel hits you but does no damage.
Your crimson imp closely misses Pikel.
You hit Pikel but do no damage.
Pikel is almost dead.
Pikel hits you but does no damage.
You are electrocuted!
You are too injured to fight recklessly!
You are too injured to fight recklessly!
You hit Pikel but do no damage.
Pikel suddenly seems more agile.
Pikel is almost dead.
Pikel looks more healthy.
Your crimson imp misses Pikel.
Pikel hits you with a +1 whip of electrocution.
You miss Pikel.
Pikel is almost dead.
Pikel hits you with a +1 whip of electrocution.
You are electrocuted!
You emit a cloud of colourful smoke!
Your crimson imp hits Pikel but does no damage.
You miss Pikel.
Pikel is almost dead.
Pikel hits you but does no damage.
Your crimson imp misses Pikel.
Pikel hits your crimson imp with a +1 whip of electrocution!
Pikel hits your crimson imp with a +1 whip of electrocution.
Lightning courses through your crimson imp!
Your crimson imp dies!
Reach: a) +0 spear (chaos)
Press: ? - help, Dir - move target, f/p - Pikel
Aim: Pikel, wielding a +1 whip of electrocution and wearing a +0 robe (almost dead, fast, unusually agile)
You reach to attack!
You miss Pikel.
Pikel is almost dead.
Xom grants you a minor favour.
You feel very mighty all of a sudden.
Reach: a) +0 spear (chaos)
Press: ? - help, Dir - move target, f/p - Pikel
Aim: Pikel, wielding a +1 whip of electrocution and wearing a +0 robe (almost dead, fast, unusually agile)
You miss Pikel.
Pikel is almost dead.
Pikel closely misses you.
Reach: a) +0 spear (chaos)
Press: ? - help, Dir - move target, f/p - Pikel
Aim: Pikel, wielding a +1 whip of electrocution and wearing a +0 robe (almost dead, fast, unusually agile)
Your chain mail prevents you from hitting Pikel.
Pikel is almost dead.
Pikel hits you but does no damage.
You are electrocuted!
* * * LOW HITPOINT WARNING * * *
Reach: a) +0 spear (chaos)
Press: ? - help, Dir - move target, f/p - Pikel
Aim: Pikel, wielding a +1 whip of electrocution and wearing a +0 robe (almost dead, fast, unusually agile)
You completely miss Pikel.
Pikel is almost dead.
Pikel hits you with a +1 whip of electrocution.
* * * LOW HITPOINT WARNING * * *
Reach: a) +0 spear (chaos)
Press: ? - help, Dir - move target, f/p - Pikel
Aim: Pikel, wielding a +1 whip of electrocution and wearing a +0 robe (almost dead, fast, unusually agile)
You closely miss Pikel.
Pikel is almost dead.
Pikel hits you with a +1 whip of electrocution!
You die...
Xom cackles wildly!

# #.# #.#.# *,*,,,,,, ####.#
#.#.# *,*,,,,,, #.##.# #.#.#
*,*,,,,,, [#.#.# #.#.# *,*,,,,,,
###..#########.#.# *,****,*, #
##.........#.#.#######*,,,÷,,,,
###.########....☼§§....#******,*,
.#.#####.........§§..#.#******,*,
#...........##.#@K.......,,,,[,,,
#..#####.##..........#...,,,,[),,
(..# #,*######[##..#,##*****,*,
##.# *,* *#.#*.....,,,,,,,*, #.#
*(******...*..#.#********, #.#
*,,,,,,,....,.#.#********,
#.#**********#...**.#,.,,,,,,,,,
#..,,* *** ##...,,*,****,,,,,,
###*,***,** *****,*,* *,****,


You could see Pikel (fast, agile).

Vanquished Creatures
  An orc warrior (D:3)
  A necrophage (D:4)
  An ogre (D:4)
  2 phantoms
  A howler monkey (D:5)
  2 hounds
  A centaur zombie (D:5)
  4 orc priests
  2 bullfrog skeletons (D:5)
  3 orc wizards
  3 worker ants
  2 gnolls (D:2)
  6 adders
  2 oozes
  An adder skeleton (D:5)
  A worm (D:3)
  4 dart slugs
  3 leopard geckos
  19 orcs
  3 ball pythons
  3 giant cockroaches
  10 goblins
  4 hobgoblins
  11 jackals
  7 kobolds
  5 quokkas
  11 bats
  8 frilled lizards
  A leopard gecko skeleton (D:4)
  11 rats
133 creatures vanquished.

Vanquished Creatures (collateral kills)
  An orc priest (D:5)
1 creature vanquished.

Vanquished Creatures (others)
  An orc (D:3)
  A giant cockroach (D:3)
2 creatures vanquished.

Grand Total: 136 creatures vanquished

Notes
Turn   | Place    | Note
-------+----------+-------------------------------------------
     0 | D:1      | EnegeticOcto the Mummy Chaos Knight began the quest for the
                  | Orb.
     0 | D:1      | Reached XP level 1. HP: 18/18 MP: 1/1
   152 | D:1      | Reached XP level 2. HP: 24/24 MP: 2/2
   345 | D:1      | XOM: silly message
   430 | D:1      | Reached skill level 3 in Polearms
   562 | D:1      | Reached XP level 3. HP: 29/29 MP: 3/3
   722 | D:1      | XOM: 4-stop teleportation journey
   732 | D:1      | Noticed a troll
   905 | D:1      | XOM: cloud trail
  1078 | D:1      | XOM: silly message
  1672 | D:2      | You fall into a shaft and drop 1 floor!
  1672 | D:3      | XOM: stealth player
  1684 | D:3      | Reached XP level 4. HP: 37/37 MP: 4/4
  1752 | D:2      | Found a white marble altar of Elyvilon.
  2257 | D:1      | XOM: chaos upgrade
  2281 | D:1      | XOM: silly message
  2533 | D:2      | XOM: enchant monster (bad)
  2686 | D:2      | Reached skill level 4 in Polearms
  2800 | D:3      | Reached skill level 4 in Fighting
  3033 | D:3      | Noticed an orc warrior
  3039 | D:3      | XOM: noise
  3050 | D:3      | XOM: divination: magic mapping
  3064 | D:3      | XOM: cleaving
  3071 | D:3      | XOM: destruction
  3090 | D:3      | XOM: polymorph orc -> giant cockroach
  3093 | D:3      | XOM: divine lightning
  3097 | D:3      | XOM: cleaving
  3098 | D:3      | XOM: confuse monster(s)
  3115 | D:3      | Killed an orc warrior
  3116 | D:3      | Reached XP level 5. HP: 26/43 MP: 5/5
  3339 | D:3      | XOM: cleaving
  3789 | D:3      | Noticed an ice beast
  3792 | D:3      | Noticed a wyvern
  3792 | D:3      | an ice beast changed into a wyvern
  3792 | D:3      | XOM: polymorph ice beast -> wyvern
  4038 | D:3      | XOM: 1-stop teleportation journey
  4099 | D:4      | XOM: blink monster(s)
  4116 | D:4      | XOM: enchant monster (bad)
  4121 | D:4      | Reached XP level 6. HP: 18/49 MP: 6/6
  4128 | D:4      | Reached skill level 5 in Polearms
  4425 | D:4      | Reached skill level 5 in Fighting
  4714 | D:4      | You fall into a shaft and drop 2 floors!
  4724 | D:6      | XOM: noise
  4729 | D:5      | Entered Level 5 of the Dungeon
  4744 | D:5      | Reached XP level 7. HP: 34/56 MP: 7/7
  4948 | D:4      | XOM: scenery: summon butterflies
  4949 | D:4      | XOM: confuse monster(s)
  4979 | D:4      | XOM: god gift: gold wand {god gift}
  5010 | D:4      | Reached skill level 6 in Polearms
  5222 | D:4      | XOM: polymorph adder -> ball python
  5576 | D:5      | Found a runed translucent door.
  5577 | D:5      | Noticed Crazy Yiuf
  5699 | D:5      | XOM: scenery: 1 doors close
  5719 | D:5      | XOM: god gift: 15 stones
  5722 | D:5      | XOM: cleaving
  5735 | D:5      | Reached skill level 7 in Polearms
  6112 | D:5      | Reached XP level 8. HP: 35/62 MP: 8/8
  6286 | D:4      | XOM: scenery: summon butterflies
  6374 | D:5      | Noticed Pikel
  6378 | D:5      | XOM: 2-stop teleportation journey
  6431 | D:4      | XOM: destruction
  6469 | D:4      | XOM: fake destruction
  6489 | D:4      | XOM: 2-stop teleportation journey
  6907 | D:4      | XOM: silly message
  6942 | D:4      | XOM: cleaving
  6947 | D:4      | XOM: summons friendly crimson imp
  6956 | D:4      | XOM: smoke on damage
  6959 | D:4      | XOM: potion effect (might)
  6963 | D:4      | Slain by Pikel

Illustrated notes

Levels and vault maps discovered:
D:1:      erik_arrival_cave_to_civilisation [erik_arrival_cave_to_temple],
          layout_basic
D:2:      layout_basic, marbit_many_paths
D:3:      layout_loops_corners, minmay_misc_feat_pillars, doesnt_xom_only_xom
D:4:      layout_loops_ring
D:5:      layout_basic, grunt_temple_overflow_holy_war, uniq_crazy_yiuf_cottage,
          uniq_pikel
D:6:      cheibrodos_fertilizer, layout_rooms

Skill      XL: |  1  2  3  4  5  6  7 |
---------------+----------------------+-----
Polearms       | 3 4 5 7 |  7.6
Fighting       | 4 5 |  5.0
Armour         | |  1.5
Dodging        | |  0.7

Action                   |  1- 3 |  4- 6 |  7- 9 || total
-------------------------+-------+-------+-------++-------
Melee: Spear             |   159 |   139 |    28 ||   326
       Trident           |       |   163 |   224 ||   387
Throw: Dart              |       |     6 |       ||     6
       Boomerang         |       |    10 |    13 ||    23
Evoke: Wand              |       |       |     4 ||     4
  Use: Scroll            |     4 |     5 |     1 ||    10
 Stab: Confused          |     1 |       |       ||     1
       Paralysed         |       |     3 |       ||     3
       Invisible         |       |     1 |       ||     1
       Sleeping          |       |     1 |       ||     1
Armor: Leather armour    |    57 |    29 |       ||    86
       Chain mail        |       |   110 |   142 ||   252
Dodge: Dodged            |    73 |   116 |    83 ||   272

Table legend: (Time is in decaauts)
 A = Elapsed time spent in this place.
 B = Non-inter-level travel time spent in this place.
 C = Inter-level travel time spent in this place.
 D = Time resting spent in this place.
 E = Time spent auto-exploring this place.
 F = Levels seen in this place.
 G = Mean time per level.
                   A        B        C        D        E       F      G
               +--------+--------+--------+--------+--------+-----+--------+
         Total |   6941 |   6727 |    214 |   1321 |   3768 |   6 | 1156.8 |
       Dungeon |   6941 |   6727 |    214 |   1321 |   3768 |   6 | 1156.8 |
               +--------+--------+--------+--------+--------+-----+--------+

Top non-repeatable levels by time:
     D:4: 1925 daAuts
     D:1: 1517 daAuts
     D:3: 1320 daAuts
     D:2: 1235 daAuts
     D:5: 928 daAuts
     D:6: 13 daAuts
